 Dungeon Crawl Stone Soup version 0.24.0-125-gc4c63601f3 (webtiles) character file.

Game seed: 15479702465231403753, levelgen mode: deterministic

924 Descartes the Shield-Bearer (level 8, -1/63 HPs)
             Began as a Barachi Fighter on Mar 8, 2020.
             Slain by Grinder (5 damage)
             ... on level 5 of the Dungeon.
             The game lasted 00:14:17 (6563 turns).

Descartes the Shield-Bearer (Barachi Fighter)       Turns: 6563, Time: 00:14:18

Health: -1/63      AC:  2    Str: 18    XL:     8   Next: 10%
Magic:  8/8        EV: 11    Int: 10    God:
Gold:   171        SH: 10    Dex: 12    Spells: 7/7 levels left

rFire    + . .     SeeInvis .   a - +0 long sword
rCold    . . .     Gourm    +   c - +0 shield
rNeg     . . .     Faith    .   (no armour)
rPois    .         Spirit   .   (no helmet)
rElec    .         Reflect  .   (no cloak)
rCorr    .         Harm     .   k - +0 pair of gloves
MR       .....                  w - +0 pair of boots
Stlth    +.........             z - amulet of the gourmand
HPRegen  0.20/turn              (no ring)
MPRegen  0.11/turn              t - ring of protection from fire

@: slow
A: +LOS, swims, slowness 1, strong legs 1
a: Hop


You were on level 5 of the Dungeon.
You were not hungry.

You visited 1 branch of the dungeon, and saw 5 of its levels.

You collected 171 gold pieces.

Inventory:

Hand Weapons
 a - a +0 long sword (weapon)
 b - a +0 hand crossbow
Missiles
 j - 119 stones (quivered)
 v - 60 arrows
Armour
 c - a +0 shield (worn)
 k - a +0 pair of gloves (worn)
 m - a +0 scale mail of cold resistance
 w - a +0 pair of boots (worn)
Magical Staves
 y - an uncursed staff of power
Jewellery
 s - an uncursed ring of stealth
 t - a ring of protection from fire (right hand)
 z - an amulet of the gourmand (around neck)
Wands
 g - a wand of flame (3)
Scrolls
 i - a scroll of blinking {unknown}
 p - a scroll of amnesia
 q - 3 scrolls of teleportation {unknown}
 r - a scroll of fear {unknown}
 u - a scroll of enchant armour {unknown}
 x - a scroll of identify
Potions
 d - 2 potions of might
 e - a potion of cancellation
 l - 2 potions of brilliance
 o - 3 potions of curing
Comestibles
 f - 8 rations


   Skills:
 + Level 5.4 Fighting
 * Level 6.2 Long Blades
 + Level 5.4 Armour
 - Level 3.0 Dodging
 * Level 6.3 Shields


You had 7 spell levels left.
You didn't know any spells.
Your spell library contained the following spells:

 Spells                   Type           Power        Failure   Level  Hunger
 Summon Butterflies       Summ           #.......     75%         1    ##.....
 Call Canine Familiar     Summ           #.......     98%         3    ####...
 Summon Ice Beast         Ice/Summ       #.......     100%        4    #####..
 Summon Mana Viper        Hex/Summ       #.......     100%        5    ######.
 Summon Hydra             Summ           #.........   100%        7    #######


Dungeon Overview and Level Annotations

Branches:
Dungeon (5/15)
 Temple: D:4-7

Altars:

Annotations:
D:5 Grinder


Innate Abilities, Weirdness & Mutations

Shadows flee at your approach. (+LOS)
You can swim through water.
You cover ground slowly.
You can hop short distances.


Message History

Grinder is severely wounded.
Grinder completely misses you.
You hit Grinder but do no damage.
Grinder is severely wounded.
Grinder hits you.
You writhe in agony.
* * * LOW HITPOINT WARNING * * *
You closely miss Grinder.
Grinder is severely wounded.
You block Grinder's attack.
You hit Grinder but do no damage.
Grinder is severely wounded.
Grinder gestures at you. Pain shoots through your body!
* * * LOW HITPOINT WARNING * * *
You closely miss Grinder.
Grinder is severely wounded.
Grinder hits you.
* * * LOW HITPOINT WARNING * * *
You writhe in agony.
You die...

#...# #.###
#####.#############
#...#..............
#...#...###########
#...#...#
######...#...##
##.....5.......#
........@#.....#
##.#####..<....#
###.#####.#.....#.#.#
#.........#.).......#
..#.####..##....#.#.#
.?........##...[#.#
.........####...# .
.##.##..$# #...# #.
.. ....# ##....


You could see Grinder.

Vanquished Creatures
  Menkaure (D:4)
  A phantom (D:4)
  3 ogres
  A necrophage (D:5)
  2 howler monkeys (D:5)
  A crimson imp (D:5)
  2 hounds
  Ijyb (D:5)
  2 worker ants (D:4)
  3 adders
  An ooze (D:2)
  4 adder skeletons
  2 worms (D:2)
  2 dart slugs (D:1)
  3 leopard geckos
  2 ball pythons
  10 bats
  4 giant cockroaches
  3 goblins
  5 hobgoblins
  9 jackals
  5 quokkas
  3 frilled lizards (D:1)
  7 kobolds
  3 rats
80 creatures vanquished.

Notes
Turn   | Place    | Note
-------+----------+-------------------------------------------
     0 | D:1      | Descartes the Barachi Fighter began the quest for the Orb.
     0 | D:1      | Reached XP level 1. HP: 18/18 MP: 1/1
   124 | D:1      | Reached XP level 2. HP: 24/25 MP: 2/2
   655 | D:1      | Reached XP level 3. HP: 29/30 MP: 3/3
   801 | D:2      | Reached skill level 1 in Dodging
  1306 | D:2      | Noticed an ogre
  1322 | D:2      | Killed an ogre
  1322 | D:2      | Reached XP level 4. HP: 23/37 MP: 4/4
  1322 | D:2      | Reached XP level 5. HP: 26/42 MP: 5/5
  2877 | D:4      | Noticed a phantom
  2959 | D:4      | Killed a phantom
  2959 | D:4      | Reached XP level 6. HP: 9/49 MP: 6/6
  3312 | D:4      | Reached skill level 5 in Shields
  4408 | D:5      | Entered Level 5 of the Dungeon
  4478 | D:5      | Reached skill level 5 in Long Blades
  4478 | D:5      | Reached XP level 7. HP: 43/55 MP: 7/7
  4771 | D:5      | Reached skill level 5 in Fighting
  4777 | D:5      | Reached skill level 5 in Armour
  4793 | D:5      | HP: 2/56 [necrophage (8)]
  4847 | D:5      | HP: 2/55 [necrophage (2)]
  5170 | D:5      | Noticed Ijyb
  5199 | D:5      | Killed Ijyb
  5216 | D:5      | Noticed Menkaure
  5931 | D:5      | Noticed Grinder
  5931 | D:5      | Paralysed by Grinder for 7 turns
  5949 | D:4      | Killed Menkaure
  5949 | D:4      | Reached XP level 8. HP: 33/63 MP: 8/8
  6270 | D:5      | Paralysed by Grinder for 2 turns
  6285 | D:5      | Paralysed by Grinder for 6 turns
  6296 | D:5      | Paralysed by Grinder for 2 turns
  6563 | D:5      | Slain by Grinder

Levels and vault maps discovered:
D:1:      nicolae_arrival_somewhat_less_tricky_arrival, layout_basic,
          kennysheep_small_spiral, ebering_dispersal_statue_hall
D:2:      layout_basic
D:3:      layout_basic, guppyfry_early_lair_pool
D:4:      layout_basic, first_ration
D:5:      layout_basic, uniq_menkaure, uniq_ijyb, uniq_grinder

Skill      XL: |  1  2  3  4  5  6  7 |
---------------+----------------------+-----
Long Blades    | 3 4 5 6 |  6.2
Dodging        | 1 2 3 |  3.0
Armour         | 4 5 |  5.4
Fighting       | 4 5 |  5.4
Shields        | 4 5 6 |  6.3

Action                   |  1- 3 |  4- 6 |  7- 9 || total
-------------------------+-------+-------+-------++-------
Melee: Long sword        |   153 |   167 |    92 ||   412
Throw: Stone             |       |     2 |       ||     2
 Abil: Hop               |       |     1 |     3 ||     4
  Use: Scroll            |       |     9 |       ||     9
       Potion            |       |       |     4 ||     4
  Eat: Chunk             |     2 |    10 |     7 ||    19
       Ration            |       |       |     1 ||     1
Armor: Scale mail        |   103 |    63 |       ||   166
       Skin              |       |     1 |     4 ||     5
Dodge: Dodged            |    59 |    49 |    28 ||   136
Block: Shield            |   104 |    90 |    30 ||   224
       Rpst.: Long sword |    18 |     9 |    10 ||    37
